 Dungeon Crawl Stone Soup version 0.30-a0-760-g5a9884bb7c (webtiles) character file.

Game seed: 9999373459167091984

1962 dolemite99 the Thaumaturge (level 9, -4/55 HPs)
             Began as a Djinni Fire Elementalist on Feb 12, 2023.
             Was a Priest of Lugonu.
             Slain by a wyvern (11 damage)
             ... on level 8 of the Dungeon.
             The game lasted 00:14:37 (8099 turns).

dolemite99 the Thaumaturge (DjFE)                   Turns: 8099, Time: 00:14:38

Health: -4/55      AC: 11    Str:  7      XL:     9   Next: 42%
Gold:   364        EV: 11    Int: 20      God:    Lugonu [***...] SH:  0 Dex: 12 (15)

rFire   + + +      SeeInvis .    r - +2 war axe (venom)
rCold   x . .      Faith    .    (no shield)
rNeg    . . .      Spirit   .    q - +1 leather armour {rF+}
rPois   ∞          Reflect  .    v - +0 helmet
rElec   .          Harm     .    f - +1 cloak
rCorr   .          Rampage  .    (no gloves)
Will    .....                    (boots unavailable)
Stlth   +                        (no amulet)
HPRegen 0.29/turn                h - ring of protection from fire
MPRegen 0.00/turn                k - +4 ring of protection

@: flying
A: sickness immunity, fire resistance 2, cold vulnerability 1, float, innate
caster, HP casting, extra vitality 1
a: Renounce Religion, Depart the Abyss, Banish


You were on level 8 of the Dungeon.
You worshipped Lugonu.
Lugonu was most pleased with you.
You visited 1 branch of the dungeon, and saw 8 of its levels.

You collected 414 gold pieces.
You spent 50 gold pieces at shops.

Inventory:

Hand Weapons
 d - a +0 dagger
 g - a +0 dagger of venom
 m - a +0 falchion of venom
 r - a +2 war axe of venom (weapon)
Missiles
 c - 7 javelins
 n - 3 atropa-tipped darts
 x - 14 poisoned darts
 B - a throwing net
Armour
 f - a +1 cloak (worn)
 q - a +1 leather armour of fire resistance (worn)
 v - a +0 helmet (worn)
Jewellery
 h - a ring of protection from fire (left hand)
 k - a +4 ring of protection (right hand)
 l - a ring of wizardry
 t - a ring of ice
 A - a ring of fire
Wands
 u - a wand of flame (9)
Scrolls
 i - 8 scrolls of teleportation
 y - a scroll of fear
Potions
 a - a potion of mutation {unknown}
 b - 2 potions of magic
 e - 2 potions of heal wounds
 j - 2 potions of lignification
 o - a potion of brilliance
 p - a potion of ambrosia {unknown}
 s - 2 potions of haste
 w - 4 potions of might {unknown}
 z - a potion of curing {unknown}


   Skills:
 - Level 2.1 Dodging
 - Level 1.5 Stealth
 + Level 9.4 Spellcasting


You had 4 spell levels left.
You knew the following spells:

 Your Spells              Type           Power      Damage    Failure   Level
a - Foxfire               Conj/Fire      100%       2x1d9     1%          1
b - Scorch                Fire           94%        2d10      1%          2
c - Flame Wave            Conj/Fire      47%        2d12      2%          4
d - Inner Flame           Hex/Fire       47%        N/A       1%          3
e - Kindle Blastsparks    Fire/Tloc/Air  94%        2d17      1%          3
f - Beastly Appendage     Tmut           94%        N/A       1%          1
g - Ensorcelled Hibernat  Hex/Ice        94%        N/A       1%          2
h - Blink                 Tloc           94%        N/A       1%          2
i - Animate Armour        Summ/Erth      94%        N/A       2%          4
Your spell library was empty.

Dungeon Overview and Level Annotations

Branches:
Dungeon (8/15)             Temple (0/1) D:4
   Lair: D:8-11

Altars:
Cheibriados
Makhleb
Nemelex Xobeh
The Shining One
Lugonu

Shops:
D:1 *:([?   D:6 !![


Innate Abilities, Weirdness & Mutations

You are immune to sickness and miasma.
You are immune to poison.
Your flesh is very heat resistant. (rF++)
You are vulnerable to cold. (rC-)
You float through the air rather than walking.
You learn spells naturally, not from books.
Your magical power is your life essence.
You have superior vitality. (+4 MHP)


Message History

The wyvern bites you! The quasit barely misses you.
The quasit claws you but does no damage. x2
The wyvern bites you! The quasit bites you.
You feel clumsy. The quasit claws you.
You feel clumsy. The quasit barely misses you.
Casting: Scorch (safe; 1% risk of failure)
Confirm with . or Enter, or press ? or * to list all spells.
Flames lash the quasit.
The quasit resists.
You kill the quasit!
Lugonu accepts your kill. The wyvern barely misses you. The wyvern bites you.
The wyvern barely misses you.
Casting: Scorch (safe; 1% risk of failure)
Confirm with . or Enter, or press ? or * to list all spells.
Flames lash the wyvern.
The wyvern is severely wounded.
The wyvern's fire resistance burns away.
The wyvern bites you but does no damage.
The wyvern bites you. The shadow imp gestures at you.
You resist with significant effort. The wyvern barely misses you.
You barely miss the wyvern.
The wyvern is severely wounded.
The wyvern bites you!
* * * LOW HITPOINT WARNING * * *
The wyvern bites you but does no damage.
Casting: Scorch (safe; 1% risk of failure)
Confirm with . or Enter, or press ? or * to list all spells.
Flames lash the shadow imp.
The shadow imp is almost dead.
The shadow imp's fire resistance burns away.
* * * LOW HITPOINT WARNING * * *
The wyvern bites you.
* * * LOW HITPOINT WARNING * * *
The shadow imp gestures at you. You resist with significant effort.
The wyvern bites you!
You die...

#.#####.# .~~~~
..#####.......#
~~~~
.......<.####.##
≈§§
................
♣§§
...#....#...#.#.
§§## #.####...#.#
.5##.#.........♣♣♣
#.l..# ######..P♣P
#@# #P.§§....~~
#.# #.⌠§§....~P
#.######♣§§♣#..♣♣♣
#.......⌠♣⌠P#....♣
#############....)
#....[ ######


You could see a wyvern (poisoned, combustible) and a shadow imp (combustible).

Vanquished Creatures
  Sigmund (D:2)
  A black bear (D:4)
  2 sky beasts (D:7)
  2 ogres
  A phantom (D:5)
  A kobold brigand (D:6)
  5 scorpions
  3 killer bees (D:7)
  3 howler monkeys (D:7)
  2 quasits (D:8)
  5 hounds
  3 jellies
  4 iguanas
  3 orc wizards
  Ijyb (D:4)
  5 adders
  3 ufetubi
  3 dart slugs
  21 orcs
  4 ball pythons
  5 bats
  3 endoplasms (D:1)
  3 giant cockroaches
  4 goblins
  8 hobgoblins
  10 jackals
  9 kobolds
  5 quokkas
  3 frilled lizards
  7 rats
130 creatures vanquished.

Vanquished Creatures (others)
  2 demonic plants (D:8)
  208 foxfires
210 creatures vanquished.

Grand Total: 340 creatures vanquished

Notes
Turn   | Place    | Note
-------+----------+-------------------------------------------
     0 | D:1      | dolemite99 the Djinni Fire Elementalist began the quest for
                  | the Orb.
     0 | D:1      | dolemite99 set off with the following spells memorised:
                  | Foxfire, Scorch, Kindle Blastsparks, Inner Flame, Flame
                  | Wave.
     0 | D:1      | Reached XP level 1. HP: 15/15 MP: 0/0
    80 | D:1      | Found Anokeit's General Store.
   138 | D:1      | Reached XP level 2. HP: 10/21 MP: 0/0
   237 | D:1      | Found Ytiwaesuo's Book Emporium.
   240 | D:1      | Found Neli's Antique Weapon Boutique.
   428 | D:1      | Reached skill level 3 in Spellcasting
   506 | D:1      | Found Wyelet's Armour Emporium.
   526 | D:1      | Reached XP level 3. HP: 25/25 MP: 0/0
   526 | D:1      | Learned a level 1 spell: Beastly Appendage
   531 | D:1      | Found Laopreiff's Magic Scroll Shop.
   844 | D:1      | Bought a scroll of teleportation for 30 gold pieces
   844 | D:1      | Bought a scroll of identify for 20 gold pieces
  1361 | D:2      | Noticed Sigmund
  1369 | D:2      | Killed Sigmund
  1370 | D:2      | Reached skill level 4 in Spellcasting
  1370 | D:2      | Reached XP level 4. HP: 23/31 MP: 0/0
  1370 | D:2      | Reached XP level 5. HP: 26/35 MP: 0/0
  1370 | D:2      | Learned a level 2 spell: Ensorcelled Hibernation
  1370 | D:2      | Reached XP level 6. HP: 29/40 MP: 0/0
  1435 | D:2      | Found a faded altar of an unknown god.
  1439 | D:2      | Prayed at the altar of an unknown god.
  1439 | D:2      | Became a worshipper of Lugonu the Unformed
  1439 | D:2      | Reached * piety under Lugonu
  1811 | D:3      | Reached skill level 5 in Spellcasting
  2893 | D:4      | Reached ** piety under Lugonu
  2904 | D:4      | Found a staircase to the Ecumenical Temple.
  2978 | D:4      | Noticed a black bear
  2986 | D:4      | Killed a black bear
  2987 | D:4      | Reached XP level 7. HP: 14/45 MP: 0/0
  2987 | D:4      | Learned a level 2 spell: Blink
  3437 | D:4      | Reached skill level 6 in Spellcasting
  3906 | D:4      | Found a snail-covered altar of Cheibriados.
  4322 | D:4      | Found a burning altar of Makhleb.
  4352 | D:4      | Noticed Ijyb
  4371 | D:4      | Killed Ijyb
  4489 | D:5      | Entered Level 5 of the Dungeon
  4622 | D:5      | Reached XP level 8. HP: 47/50 MP: 0/0
  4655 | D:5      | Reached skill level 7 in Spellcasting
  5958 | D:6      | Found a sparkling altar of Nemelex Xobeh.
  6027 | D:6      | Reached skill level 8 in Spellcasting
  6128 | D:6      | Found Umaus's Distillery.
  6298 | D:6      | Found a glowing golden altar of the Shining One.
  6433 | D:6      | Found Reudamele's Distillery.
  6457 | D:6      | Found Jellae Xouc's Armour Boutique.
  6557 | D:6      | Reached XP level 9. HP: 53/55 MP: 0/0
  6557 | D:6      | Learned a level 4 spell: Animate Armour
  6757 | D:7      | Reached *** piety under Lugonu
  6944 | D:7      | Reached skill level 9 in Spellcasting
  8099 | D:8      | Slain by a wyvern

Illustrated notes

Levels and vault maps discovered:
D:1:      matt_arrival_refuge, layout_basic, serial_shops, shop,
          nicolae_shop_advertising_works [nicolae_subvault_shop_adworks],
          nicolae_shop_waterfront, nicolae_shop_hallway_plus, shop_statue,
          minmay_fountain_box, minmay_unequal
D:2:      layout_basic, ebering_ecumenical_altar_box, uniq_sigmund
D:3:      layout_rooms, mainiacjoe_overflow_alcove_2, hex_intersection,
          hangedman_decor_peaks_small
D:4:      layout_rooms, old_standard_altar, kennysheep_mini_moat,
          minmay_temple_entry_stoned_glass, uniq_ijyb
D:5:      layout_basic, minmay_misc_feat_room
D:6:      layout_loops_ring, general_overflow_altar, old_standard_altar,
          kiku_gazebo_garden_becter, serial_shops, nicolae_shop_stone, shop,
          shop
D:7:      layout_basic
D:8:      layout_basic, lair_entry_dummy, enter_bailey_8, serial_demonic,
          serial_demonic_f, serial_demonic_f, serial_demonic_b,
          serial_demonic_e, serial_demonic_e, chequers_mini_garden,
          corexii_corridor_pit, hangedman_decor_opposing, serial_bayou_crossing

Skill      XL: |  1  2  3  4  5  6  7  8  9 |
---------------+----------------------------+-----
Spellcasting   | 3 4 5 6 8 9 |  9.4
Dodging        | |  2.1
Stealth        | |  1.5

Action                     |  1- 3 |  4- 6 |  7- 9 || total
---------------------------+-------+-------+-------++-------
  Melee: Dagger            |     2 |     8 |     2 ||    12
         War axe           |       |       |    22 ||    22
   Cast: Foxfire           |    32 |    21 |    66 ||   119
         Scorch            |     9 |    14 |    75 ||    98
         Flame Wave        |       |     1 |     3 ||     4
         Blink             |       |       |     1 ||     1
         Kindle Blastspark |       |       |     1 ||     1
    Use: Scroll            |     6 |     2 |     6 ||    14
         Potion            |       |       |     1 ||     1
 Armour: Robe              |     6 |     5 |     5 ||    16
         Leather armour    |       |       |    91 ||    91
         Skin              |       |       |    15 ||    15
  Dodge: Dodged            |    18 |    20 |   129 ||   167

Table legend: (Time is in decaauts)
 A = Elapsed time spent in this place.
 B = Non-inter-level travel time spent in this place.
 C = Inter-level travel time spent in this place.
 D = Time resting spent in this place.
 E = Time spent auto-exploring this place.
 F = Levels seen in this place.
 G = Mean time per level.
                   A        B        C        D        E       F      G
               +--------+--------+--------+--------+--------+-----+--------+
         Total |   8104 |   7972 |    132 |   2558 |   3909 |   8 | 1013.0 |
       Dungeon |   8104 |   7972 |    132 |   2558 |   3909 |   8 | 1013.0 |
               +--------+--------+--------+--------+--------+-----+--------+

Top non-repeatable levels by time:
     D:4: 1747 daAuts
     D:5: 1443 daAuts
     D:7: 1342 daAuts
     D:1: 1098 daAuts
     D:3: 932 daAuts
     D:6: 754 daAuts
     D:2: 706 daAuts
     D:8: 78 daAuts
